 Dungeon Crawl Stone Soup version 0.20-a0-441-g89e74e4 (webtiles) character file.

450 Kriby the Magician (level 6, -17/41 HPs)
             Began as a Mummy Fire Elementalist on Jan 6, 2017.
             Demolished by an ogre
             ... wielding a +0 giant spiked club
              (19 damage)
             ... on level 4 of the Dungeon.
             The game lasted 00:05:15 (4942 turns).

Kriby the Magician (Mummy Fire Elementalist)        Turns: 4942, Time: 00:05:15

Health: -17/41     AC:  3    Str: 12    XL:     6   Next: 74%
Magic:  9/15       EV: 12    Int: 16    God:
Gold:   186        SH:  0    Dex: 12    Spells: 9/17 levels left

rFire  x . .     SeeInvis .     i - +0 quarterstaff
rCold  + . .     Gourm    .     a - +0 robe
rNeg   + + +     Faith    .     (shield currently unavailable)
rPois  ∞         Spirit   .     (no helmet)
rElec  .         Reflect  .     (no cloak)
rCorr  .         Harm     .     g - +0 pair of gloves
MR     .....                    (no boots)
Stlth  ++........               (no amulet)
                                (no ring)
                                (no ring)

@: no status effects
A: no food or potions, fire vulnerability, cold resistance 1, negative energy
resistance 3, torment resistance, unbreathing
a: no special abilities


You were on level 4 of the Dungeon.
You were not hungry.

You visited 1 branch of the dungeon, and saw 4 of its levels.

You collected 186 gold pieces.

Inventory:

Hand Weapons
 i - a +0 quarterstaff (weapon)
Armour
 a - a +0 robe (worn)
 g - a +0 pair of gloves (worn)
 k - a +2 large shield
Jewellery
 j - an uncursed amulet of rage {unknown}
Scrolls
 d - 2 scrolls of fear {unknown}
 f - 2 scrolls of fog {unknown}
 h - a scroll of enchant armour {unknown}
 l - 2 scrolls of remove curse
 m - 2 scrolls of identify {unknown}
Books
 b - a book of Flames

   Spells                             Type                      Level
   a - Flame Tongue                   Conjuration/Fire             1
   b - Throw Flame                    Conjuration/Fire             2
   c - Conjure Flame                  Conjuration/Fire             3
   d - Inner Flame                    Hexes/Fire                   3
   e - Sticky Flame                   Conjuration/Fire             4
   f - Fireball                       Conjuration/Fire             5
 c - a book of Minor Magic

   Spells                             Type                      Level
   a - Magic Dart                     Conjuration                  1
   b - Blink                          Translocation                2
   c - Call Imp                       Summoning                    2
   d - Repel Missiles                 Charms/Air                   2
   e - Slow                           Hexes                        2
   f - Conjure Flame                  Conjuration/Fire             3
   g - Mephitic Cloud                 Conjuration/Poison/Air       3
 e - a book of Changes

   Spells                             Type                      Level
   a - Beastly Appendage              Transmutation                1
   b - Sticks to Snakes               Transmutation                2
   c - Spider Form                    Transmutation/Poison         3
   d - Ice Form                       Ice/Transmutation            4
   e - Blade Hands                    Transmutation                5


   Skills:
 - Level 1.5 Dodging
 - Level 1.5 Stealth
 * Level 6.0 Spellcasting
 * Level 3.6 Conjurations
 + Level 3.5 Fire Magic


You had 9 spell levels left.
You knew the following spells:

 Your Spells              Type           Power        Failure   Level  Hunger
a - Flame Tongue          Conj/Fire      ###..        3%          1    N/A
b - Conjure Flame         Conj/Fire      ###.....     12%         3    N/A
d - Throw Flame           Conj/Fire      ###...       6%          2    N/A
T - Blink                 Tloc           N/A          21%         2    N/A

Dungeon Overview and Level Annotations

Branches:
Dungeon (4/15)
 Temple: D:4-7

Altars:
Gozag
The Shining One


Innate Abilities, Weirdness & Mutations

You do not eat or drink.
Your flesh is vulnerable to fire.
You are immune to poison.
Your flesh is cold resistant. (rC+)
You are immune to negative energy. (rN+++)
You are immune to unholy pain and torment.
You can survive without breathing.


Message History

Aiming: Flame Tongue
Press: ? - help, Shift-Dir - straight line, f/p - ogre
Aim: an ogre, wielding a giant spiked club (severely wounded)
The flame tongue hits the ogre.
The ogre is almost dead.
The adder bites you but does no damage.
The ogre hits you with a giant spiked club!!
Ouch! That really hurt!
* * * LOW HITPOINT WARNING * * *
Casting: Flame Tongue
Confirm with . or Enter, or press ? or * to list all spells.
Aiming: Flame Tongue
Press: ? - help, Shift-Dir - straight line, f/p - ogre
Aim: an ogre, wielding a giant spiked club (almost dead)
The flame tongue hits the ogre.
The ogre is almost dead.
The adder barely misses you. The adder bites you.
* * * LOW HITPOINT WARNING * * *
The ogre hits you with a giant spiked club!!
You die...

####
#.#.#..............#^#'#....
#...#.############.#........
#..>............##.#.....#..
#.......#######..#.#.....#..
#.#.#.#............#...!.#..
#####...#......#####..##.#+###..
#..............# #....#.# #..
#..............####+#..#.# #..
#..............@......<#.#+###..
#............(.SO......#........
#.........##'##........#........
############.##........#........
#.##........#........
#.##.................
#.##[......#.##+#####
#...............#
############.##.#


You could see an ogre and an adder.

Vanquished Creatures
  Sigmund (D:4)
  Menkaure (D:4)
  A crimson imp (D:4)
  Natasha (D:4)
  4 adders
  An adder skeleton (D:4)
  2 worms
  2 dart slugs
  2 leopard geckos
  4 orcs (D:3)
  2 giant cockroaches
  8 goblins
  10 hobgoblins
  2 jackals (D:3)
  2 ball pythons
  7 bats
  4 frilled lizards
  5 kobolds
  6 rats
65 creatures vanquished.

Notes
Turn   | Place    | Note
-------+----------+-------------------------------------------
     0 | D:1      | Kriby the Mummy Fire Elementalist began the quest for the Orb.
     0 | D:1      | Reached XP level 1. HP: 13/13 MP: 4/4
   197 | D:1      | Reached skill level 1 in Conjurations
   425 | D:1      | Reached skill level 3 in Spellcasting
   540 | D:1      | Reached XP level 2. HP: 19/19 MP: 0/6
  1463 | D:2      | Reached XP level 3. HP: 19/24 MP: 4/8
  1468 | D:2      | Learned a level 3 spell: Conjure Flame
  2445 | D:2      | Learned a level 2 spell: Blink
  2571 | D:3      | Found an opulent altar of Gozag.
  2668 | D:3      | Reached skill level 4 in Spellcasting
  2820 | D:3      | Reached XP level 4. HP: 8/30 MP: 1/10
  3475 | D:3      | Found a glowing golden altar of the Shining One.
  3773 | D:4      | Noticed Sigmund
  3782 | D:3      | Learned a level 2 spell: Throw Flame
  4130 | D:4      | Reached XP level 5. HP: 32/35 MP: 11/11
  4207 | D:4      | Noticed Menkaure
  4588 | D:4      | Killed Sigmund
  4588 | D:4      | Reached skill level 5 in Spellcasting
  4588 | D:4      | Reached XP level 6. HP: 24/41 MP: 1/14
  4731 | D:4      | Killed Menkaure
  4795 | D:4      | Noticed Natasha
  4800 | D:4      | Killed Natasha
  4800 | D:4      | Reached skill level 6 in Spellcasting
  4942 | D:4      | HP: 2/41 [adder (3)]
  4942 | D:4      | Demolished by an ogre

Vault maps used:
D:1:      dpeg_arrival_snail
D:3:      nicolae_tso_swordbearing_angel, nicolae_gozag_seed_capital,
          first_bread, minmay_misc_feat_room, grunt_ministairs_11
D:4:      grunt_temple_overflow_lords_of_destruction, portal_sewer_entry_e,
          uniq_menkaure, uniq_sigmund, uniq_natasha

Skill      XL: |  1  2  3  4  5  6 |
---------------+-------------------+-----
Conjurations   | 1 2 3 |  3.6
Spellcasting   | 3 4 5 6 |  6.0
Fire Magic     | 3 |  3.5
Dodging        | |  1.5
Stealth        | |  1.5

Action                   |  1- 3 |  4- 6 || total
-------------------------+-------+-------++-------
Melee: Unarmed           |     2 |       ||     2
       Dagger            |     7 |       ||     7
       Quarterstaff      |     2 |     6 ||     8
 Cast: Flame Tongue      |    80 |    59 ||   139
       Conjure Flame     |       |     2 ||     2
  Use: Scroll            |     4 |       ||     4
Armor: Robe              |     7 |     5 ||    12
Dodge: Dodged            |    35 |     9 ||    44
